 Dungeon Crawl Stone Soup version 0.19-a0-1866-ge6f2195 (webtiles) character file.

82 roflturtle the Ducker (level 4, -1/35 HPs)
             Began as a Demigod Transmuter on Oct 13, 2016.
             Slain by a rat (2 damage)
             ... on level 2 of the Dungeon.
             The game lasted 00:07:54 (2175 turns).

roflturtle the Ducker (Demigod Transmuter)          Turns: 2175, Time: 00:07:54

Health: -1/35      AC:  2    Str: 13    XL:     4   Next: 1%
Magic:  8/9        EV: 14    Int: 17    God:
Gold:   18         SH:  0    Dex: 18    Spells: 3 memorised, 1 level left

rFire  + . .     SeeInvis .       - Unarmed
rCold  + . .     Gourm    .     b - +0 robe
rNeg   . . .     Faith    +     (no shield)
rPois  +         Spirit   .     (no helmet)
rElec  +         Dismiss  .     (no cloak)
rCorr  +         Reflect  .     (no gloves)
MR     .....     Harm     .     (no boots)
Stlth  ++........               e - amulet of faith
                                (no ring)
                                (no ring)

@: lethally poisoned (-1 -> -6), appendage (expiring), resistant
A: horns 2, high mp 1
a: End Transformation


You were on level 2 of the Dungeon.
You were not hungry.
You had grown temporary horns.
You visited 1 branch of the dungeon, and saw 2 of its levels.

You collected 18 gold pieces.

Inventory:

Missiles
 a - 41 arrows
 k - 5 javelins (quivered)
Armour
 b - a +0 robe (worn)
Jewellery
 e - an amulet of faith (around neck)
Scrolls
 f - a scroll of immolation {unknown}
 g - a scroll of identify
 j - 2 scrolls of enchant weapon
 l - a scroll of amnesia {unknown}
 n - a scroll of recharging {unknown}
 o - a scroll of remove curse {unknown}
Potions
 m - 2 potions of lignification
Books
 c - a book of Changes

   Spells                             Type                      Level
   a - Beastly Appendage              Transmutation                1
   b - Sticks to Snakes               Transmutation                2
   c - Spider Form                    Transmutation/Poison         3
   d - Ice Form                       Ice/Transmutation            4
   e - Blade Hands                    Transmutation                5
Comestibles
 d - a bread ration


   Skills:
 - Level 1.1 Fighting
 - Level 3.1 Dodging
 - Level 3.0 Unarmed Combat
 - Level 2.0 Spellcasting
 + Level 2.1 Transmutations
 - Level 1.0 Poison Magic


You had one spell level left.
You knew the following spells:

 Your Spells              Type           Power        Failure   Level  Hunger
a - Beastly Appendage     Tmut           #.....       10%         1    #......
b - Sticks to Snakes      Tmut           #.......     14%         2    ###....
c - Spider Form           Tmut/Pois      #.........   30%         3    ###....


Dungeon Overview and Level Annotations

Branches:
Dungeon (2/15)


Innate Abilities, Weirdness & Mutations

You have an increased reservoir of magic. (+10% MP)
You have a pair of horns on your head.


Message History

You feel sick. The adder bites you. x2
* * * LOW HITPOINT WARNING * * *
The rat barely misses you.
You hit the adder.
The adder is almost dead.
The adder bites you.
* * * LOW HITPOINT WARNING * * *
You are more poisoned.
The adder poisons you! The rat bites you.
* * * LOW HITPOINT WARNING * * *
You closely miss the adder. You headbutt the adder.
You kill the adder!
You have reached level 4!
Your transformation is almost over.
* * * LOW HITPOINT WARNING * * *
You feel sick.
It was a potion of resistance.
You feel protected. The rat bites you.
You die...

.# ######## #######.#
.......# #........
#...##.#########.......#
#...+....>...†.........#
#...#..............!...#
....#...................
#.#..###########@.......
......# #.r<.....
......# .......).
......# ....#####.
#.....## .....# #......#
......#
#......####.......#
#..................
#######.########


You could see a rat.

Vanquished Creatures
  A gnoll (D:1)
  2 adders (D:2)
  4 worms (D:2)
  4 dart slugs (D:1)
  2 leopard geckos (D:1)
  4 bats
  2 giant cockroaches
  2 goblins (D:1)
  2 hobgoblins
  5 kobolds (D:1)
  3 frilled lizards
  6 rats
37 creatures vanquished.

Notes
Turn   | Place    | Note
-------+----------+-------------------------------------------
     0 | D:1      | roflturtle the Demigod Transmuter began the quest for the Orb.
     0 | D:1      | Reached XP level 1. HP: 15/15 MP: 5/5
    13 | D:1      | Noticed a minotaur zombie
    17 | D:1      | Noticed a merfolk zombie
    30 | D:1      | Reached skill level 1 in Fighting
    75 | D:1      | Reached XP level 2. HP: 2/23 MP: 4/7
   372 | D:1      | Learned a level 2 spell: Sticks to Snakes
  1111 | D:1      | Reached XP level 3. HP: 20/28 MP: 6/8
  1448 | D:2      | Found a shattered altar of Ashenzari.
  1449 | D:2      | Found a glowing golden altar of the Shining One.
  1452 | D:2      | Found a sacrificial altar of Ru.
  1467 | D:2      | Found a hazy altar of Hepliaklqana.
  1468 | D:2      | Found a stormy altar of Qazlal.
  1768 | D:2      | Learned a level 3 spell: Spider Form
  2035 | D:2      | Reached skill level 1 in Poison Magic
  2174 | D:2      | Reached XP level 4. HP: 2/35 MP: 7/9
  2174 | D:2      | HP: 1/35 [poisoned by an adder]
  2175 | D:2      | Slain by a rat

Vault maps used:
D:1:      shiori_arrival_whats_in_store_for_you
D:2:      grunt_temple_overflow_open, nicolae_overflow_hidden_temple

Skill      XL: |  1  2  3 |
---------------+----------+-----
Fighting       | 1 |  1.1
Dodging        | 2 3 |  3.1
Transmutations | 2 |  2.1
Spellcasting   | 2 |  2.0
Unarmed Combat | 3 |  3.0
Poison Magic   | 1 |  1.0

Action                   |  1- 3 |  4- 6 || total
-------------------------+-------+-------++-------
Melee: Unarmed           |   133 |       ||   133
       Headbutt          |     6 |       ||     6
       Kick              |    23 |       ||    23
Throw: Javelin           |     7 |       ||     7
 Cast: Beastly Appendage |    18 |       ||    18
  Use: Scroll            |     3 |       ||     3
       Potion            |       |     1 ||     1
 Stab: Distracted        |     1 |       ||     1
  Eat: Chunk             |     4 |       ||     4
Armor: Robe              |    17 |       ||    17
Dodge: Dodged            |    84 |       ||    84
